 Dungeon Crawl Stone Soup version 0.25-a0-71-ge910a4a285 (webtiles) character file.

Game seed: 10958650248968238058, levelgen mode: deterministic

4 MrRokkomies the Ruffian (level 1, -1/19 HPs)
             Began as a Ghoul Monk on Nov 3, 2019.
             Slain by a hobgoblin
             ... wielding a +0 club
              (6 damage)
             ... on level 1 of the Dungeon.
             The game lasted 00:00:20 (61 turns).

MrRokkomies the Ruffian (Ghoul Monk)                  Turns: 61, Time: 00:00:21

Health: -1/19      AC:  2    Str: 14    XL:     1   Next: 60%
Magic:  0/0        EV: 12    Int:  5    God:
Gold:   29         SH:  0    Dex: 11    Spells: 0/0 levels left

rFire    . . .     SeeInvis .     - Unarmed
rCold    + . .     Gourm    .   (no shield)
rNeg     + + +     Faith    .   a - +0 robe
rPois    ∞         Spirit   .   (no helmet)
rElec    .         Reflect  .   (no cloak)
rCorr    .         Harm     .   (no gloves)
MR       .....                  (no boots)
Stlth    ++........             (no amulet)
HPRegen  0.00/turn              (no ring)
MPRegen  0.07/turn              (no ring)

@: rotting
A: rotting body, claws 1, carnivore, cold resistance 1, negative energy
resistance 3, inhibited regeneration, torment resistance, unbreathing
a: no special abilities


You were on level 1 of the Dungeon.
You were not hungry.

You visited 1 branch of the dungeon, and saw 1 of its levels.

You collected 29 gold pieces.

Inventory:

Armour
 a - a +0 robe (worn)
Scrolls
 c - a scroll of enchant weapon {unknown}
Comestibles
 b - a ration


   Skills:
 * Level 3.4 Fighting
 - Level 2.6 Dodging
 - Level 2.1 Stealth
 * Level 3.4 Unarmed Combat


You couldn't memorise any spells.
You didn't know any spells.
Your spell library was empty.

Dungeon Overview and Level Annotations

Branches:
Dungeon (1/15)

Altars:


Innate Abilities, Weirdness & Mutations

Your body is rotting away.
You thrive on raw meat.
You are immune to poison.
You have sharp fingernails.
You are carnivorous and can eat meat at any time.
Your flesh is cold resistant. (rC+)
You are immune to negative energy. (rN+++)
You do not regenerate when monsters are visible.
You are immune to unholy pain and torment.
You can survive without breathing.


Message History

The jackal is almost dead.
The jackal misses you. The kobold barely misses you.
You scratch the jackal.
You kill the jackal!
The goblin hits you. The kobold hits you with a +0 whip. The goblin misses you.
You closely miss the jackal. The jackal bites you. The hobgoblin misses you.
The goblin closely misses you. The rat closely misses you.
You scratch the jackal.
The jackal is heavily wounded.
The jackal closely misses you. The hobgoblin misses you. The goblin hits you.
A goblin comes into view. It is wielding a -1 dagger.
The rat bites you. The jackal bites you.
* * * LOW HITPOINT WARNING * * *
You barely miss the jackal.
The jackal is moderately wounded.
The goblin shouts!
The jackal closely misses you. The goblin barely misses you.
The hobgoblin hits you with a +0 club.
You die...

..........
###........#
..........#
#..........
#....[.....
#.......... ## .#
#.......... ..#.#
.#####lrg.......
#.#.. ....##@gK......
#.#.# ###..##h....g..
## #.#.# ..#
#........... [# #.#.#
#.# #.?.###.###. .#
#.#.###.##..#..# .#
.# #.'.#......###.# #
.#
#.#.#.#.######.#..#
.# #.#.#.#.##.......#
##.#.#.#......####..#


You could see a jackal, a hobgoblin, 2 goblins, a kobold, a frilled lizard and a
rat.

Vanquished Creatures
  A jackal (D:1)
  A frilled lizard (D:1)
  A kobold (D:1)
  2 rats (D:1)
5 creatures vanquished.

Notes
Turn   | Place    | Note
-------+----------+-------------------------------------------
     0 | D:1      | MrRokkomies the Ghoul Monk began the quest for the Orb.
     0 | D:1      | Reached XP level 1. HP: 19/19 MP: 0/0
    61 | D:1      | Slain by a hobgoblin

Levels and vault maps discovered:
D:1:      matt_arrival_refuge, layout_rooms

Action                   || total
-------------------------++-------
Melee: Unarmed           ||    11
Armor: Robe              ||     1
Dodge: Dodged            ||    17

Table legend:
 A = Non-vault XP
 B = Vault XP
 C = Vault XP percentage of total XP
 D = Non-vault monster count
 E = Vault monster count
 F = Vault count percentage of total count
                 A         B        C        D         E       F
            +---------+---------+-------+---------+---------+-------
      Total |       6 |       0 |   0.0 |       5 |       0 |   0.0
            +---------+---------+-------+---------+---------+-------
        D:1 |       6 |       0 |   0.0 |       5 |       0 |   0.0
            +---------+---------+-------+---------+---------+-------
